[Event "Team 45 45 League T52"]
[Site "Internet Chess Club"]
[Date "2012.03.25"]
[Round "6"]
[White "Whalen"]
[Black "nursey"]
[Result "1-0"]
[WhiteElo "1660"]
[BlackElo "1620"]
[Opening "English: four knights, Capablanca variation"]
[ECO "A28"]
[Time "14:00:24"]
[TimeControl "2700+45"]

1. c4 e5 2. Nc3 Nf6 3. Nf3 Nc6 4. d3 d6 5. g3 Bg4 6. Bg2 Bxf3 7. Bxf3 Be7 8. O-O
O-O 9. a3 Re8 10. e3 a6 11. b4 a5 12. b5 Na7 13. Bxb7 Rb8 14. Bg2 Nc8 15. Qa4 e4
16. Nxe4 Nxe4 17. Bxe4 Bf6 18. Rb1 Bc3 19. Bb2 Nb6 20. Qc2 Bxb2 21. Rxb2 d5 22.
Bg2 dxc4 23. dxc4 Qe7 24. Rb3 Rbd8 25. c5 a4 26. Rc3 Nd5 27. Rd3 Nf6 28. Rfd1
Rxd3 29. Rxd3 Ne4 30. Bxe4 Qxe4 31. Qd1 h6 32. Rd4 Qe7 33. Qxa4 Qxc5 34. b6 Rb8
35. b7 Qc1+ 36. Kg2 Qb2 37. Rb4 Qe2 38. Qa7 {Black resigns} 1-0

[Event "Team 45 45 League T52"]
[Site "Internet Chess Club"]
[Date "2012.03.26"]
[Round "6"]
[White "Giacometti"]
[Black "ElmerHo"]
[Result "1-0"]
[WhiteElo "1688"]
[BlackElo "1447"]
[Opening "Bird: From gambit, Lasker variation"]
[ECO "A02"]
[Time "22:00:15"]
[TimeControl "2700+45"]

1. f4 e5 2. fxe5 d6 3. exd6 Bxd6 4. Nf3 g5 5. g3 g4 6. Nh4 Ne7 7. d4 Ng6 8. Nxg6
hxg6 9. Qd3 Nc6 10. c3 Qe7 11. Bg2 Bd7 12. Nd2 O-O-O 13. Ne4 Bf5 14. Bg5 Qxg5
15. Nxg5 Bxd3 16. exd3 Rde8+ 17. Kd2 Nd8 18. Ne4 f5 19. Nxd6+ cxd6 20. Rae1 Rxe1
21. Kxe1 Kc7 22. h3 gxh3 23. Rxh3 Rxh3 24. Bxh3 Nc6 25. Ke2 Kd8 26. Ke3 Ke7 27.
g4 Kf6 28. gxf5 gxf5 29. Bg2 Nd8 30. Bd5 b6 31. Kf4 a5 32. a4 Ne6+ 33. Bxe6 Kxe6
34. b4 d5 35. bxa5 bxa5 36. c4 dxc4 37. dxc4 {Black resigns} 1-0

[Event "Team 45 45 League T52"]
[Site "Internet Chess Club"]
[Date "2012.03.26"]
[Round "6"]
[White "steadman"]
[Black "frontier"]
[Result "1-0"]
[WhiteElo "2176"]
[BlackElo "1991"]
[Opening "King's Indian: orthodox variation"]
[ECO "E94"]
[Time "20:03:49"]
[TimeControl "2700+45"]

1. d4 Nf6 2. c4 g6 3. Nc3 Bg7 4. e4 d6 5. Nf3 O-O 6. Be2 e5 7. O-O exd4 8. Nxd4
Nc6 9. Be3 Re8 10. f3 Nh5 11. Qd2 f5 12. Nxc6 bxc6 13. c5 d5 14. Bg5 Qd7 15.
Rad1 Qe6 16. exd5 cxd5 17. Nxd5 Qxe2 18. Rfe1 Qb5 19. Rxe8+ Qxe8 20. Nxc7 Qc6
21. Qd8+ Kf7 22. Qe7+ {Black resigns} 1-0

[Event "Team 45 45 League T52"]
[Site "Internet Chess Club"]
[Date "2012.03.24"]
[Round "6"]
[White "RdgMx"]
[Black "barbak"]
[Result "0-1"]
[WhiteElo "1853"]
[BlackElo "1964"]
[Opening "Queen's pawn game, Krause variation"]
[ECO "D02"]
[Time "14:04:06"]
[TimeControl "2700+45"]

1. d4 d5 2. Nf3 c5 3. e3 Nc6 4. c3 e6 5. Nbd2 Qc7 6. Bd3 c4 7. Bc2 a6 8. e4 f6
9. exd5 exd5 10. O-O Bd6 11. Re1+ Nge7 12. h3 O-O 13. Nf1 Ng6 14. Ne3 Nce7 15.
Bxg6 hxg6 16. Qc2 Bd7 17. Nh4 Kf7 18. Bd2 Rh8 19. Nf3 Rae8 20. b3 b5 21. b4 Qc8
22. Kf1 Qb7 23. Kg1 Ra8 24. a3 a5 25. Nf1 Ra6 26. Rab1 Bf5 27. Qb2 Bxb1 28. Qxb1
axb4 29. axb4 Rha8 30. Qc1 Re8 31. Bf4 Qc7 32. Bd2 Nc8 33. Ne3 Qb7 34. Qc2 Bc7
35. Nh4 Ne7 36. Ng4 Qa8 37. Rxe7+ Kxe7 38. Nxg6+ Kf7 39. g3 Ra2 40. Qf5 Rxd2 41.
Nh4 Qc6 42. Qh5+ Ke7 43. Nf5+ Kd8 44. Nxg7 Re1+ 45. Kg2 Kc8 46. Qf5+ Kb7 47.
Nxf6 Re7 48. Ngh5 Qe6 49. Qg5 Rxf2+ {White resigns} 0-1

[Event "Team 45 45 League T52"]
[Site "Internet Chess Club"]
[Date "2012.03.25"]
[Round "6"]
[White "tsia68"]
[Black "CaoCao"]
[Result "1-0"]
[WhiteElo "1776"]
[BlackElo "1867"]
[Opening "English: closed system"]
[ECO "A25"]
[Time "09:05:14"]
[TimeControl "2700+45"]

1. c4 e5 2. g3 Nc6 3. Bg2 g6 4. Nc3 Bg7 5. e4 Nge7 6. Nge2 d6 7. d3 a6 8. O-O
O-O 9. Bg5 h6 10. Be3 Kh7 11. Qd2 f5 12. f4 fxe4 13. Nxe4 Nf5 14. Bf2 exf4 15.
Nxf4 Nfd4 16. Kh1 Be5 17. Bg1 Rb8 18. Nd5 Bf5 19. Be3 Bg7 20. Rac1 Ne7 21. b4
Nxd5 22. cxd5 Bd7 23. Rxf8 Bxf8 {Black resigns} 1-0

[Event "Team 45 45 League T52"]
[Site "Internet Chess Club"]
[Date "2012.03.23"]
[Round "6"]
[White "Greedy-Reedy"]
[Black "Pason"]
[Result "1/2-1/2"]
[WhiteElo "2008"]
[BlackElo "2066"]
[Opening "French: MacCutcheon, Grigoriev variation"]
[ECO "C12"]
[Time "13:02:21"]
[TimeControl "2700+45"]

1. e4 e6 2. d4 d5 3. Nc3 Nf6 4. Bg5 Bb4 5. e5 h6 6. exf6 hxg5 7. fxg7 Rg8 8. h4
gxh4 9. Qg4 Qf6 10. Rxh4 Qxg7 11. Qxg7 Rxg7 12. Rh8+ Bf8 13. O-O-O a6 14. Re1 c6
15. Na4 Nd7 16. f4 b5 17. Nc3 Nf6 18. Nf3 Rg8 19. Rxg8 Nxg8 20. f5 Ne7 21. fxe6
Bxe6 22. Bd3 O-O-O 23. Kb1 Kc7 24. Ng5 Kd6 25. Ne2 Bh6 26. Nxe6 fxe6 27. Rh1 Bg5
28. Rf1 Rg8 29. g3 {Game drawn by mutual agreement} 1/2-1/2

[Event "Team 45 45 League T52"]
[Site "Internet Chess Club"]
[Date "2012.03.23"]
[Round "6"]
[White "koni"]
[Black "Heraclito"]
[Result "1/2-1/2"]
[WhiteElo "1921"]
[BlackElo "2136"]
[Opening "Queen's pawn game"]
[ECO "D05"]
[Time "13:00:33"]
[TimeControl "2700+45"]

1. d4 d5 2. Nf3 e6 3. e3 Nf6 4. Bd3 Be7 5. O-O O-O 6. b3 b6 7. Ne5 c5 8. Bb2 Bb7
9. Nd2 Nbd7 10. f4 Ne4 11. Rf3 Qc7 12. Rh3 Nxe5 13. fxe5 g6 14. Qe2 f5 15. exf6
Bxf6 16. Rf1 Qg7 17. Nf3 a5 18. a4 Rac8 19. Ne5 Bxe5 20. dxe5 Qe7 21. Rhf3 Rf5
22. Bxe4 dxe4 23. Rxf5 gxf5 24. Rd1 Rd8 25. Bc3 Rxd1+ 26. Qxd1 Bd5 27. Qe2 Qc7
28. Qb5 Kf7 29. h3 c4 30. Bd4 cxb3 31. cxb3 Qc1+ 32. Kh2 Qc7 33. Qxb6 Qxb6 34.
Bxb6 Bxb3 35. Bxa5 Bxa4 {Game drawn by mutual agreement} 1/2-1/2

[Event "Team 45 45 League T52"]
[Site "Internet Chess Club"]
[Date "2012.03.26"]
[Round "6"]
[White "The7thGuest"]
[Black "poni"]
[Result "1/2-1/2"]
[WhiteElo "2015"]
[BlackElo "1864"]
[Opening "Philidor: Improved Hanham variation"]
[ECO "B07"]
[Time "12:00:44"]
[TimeControl "2700+45"]

1. e4 d6 2. d4 Nf6 3. Nc3 e5 4. Nf3 Nbd7 5. Bc4 Be7 6. Bg5 O-O 7. Qd2 c6 8. a4
Ng4 9. Bxe7 Qxe7 10. h3 Ngf6 11. dxe5 dxe5 12. O-O Nc5 13. Rfe1 Nh5 14. Qg5 Qxg5
15. Nxg5 Nf4 16. Rad1 Be6 17. Nxe6 Ncxe6 18. Rd7 Nc5 19. Re7 Ng6 20. Rc7 Rad8
21. f3 Rd7 22. Rxd7 Nxd7 23. Rd1 Nf6 24. Rd6 Ne7 25. g4 Nc8 26. Rd2 Nb6 27. Bf1
a5 28. b3 Re8 29. Kf2 Kf8 30. Ke3 Ke7 31. Ne2 Rd8 32. Rxd8 Kxd8 33. f4 exf4+ 34.
Nxf4 Ke7 35. Nd3 Nbd7 36. Bg2 Ne8 37. Kd4 Nc7 38. Nc5 Ne6+ 39. Nxe6 Kxe6 40. Bf1
Kd6 41. Bd3 Ne5 42. Be2 g5 43. c3 c5+ 44. Ke3 f6 45. Bc4 h6 46. Bd5 b6 47. Bc4
Ng6 48. Bf1 Ke5 {Game drawn by mutual agreement} 1/2-1/2

[Event "Team 45 45 League T52"]
[Site "Internet Chess Club"]
[Date "2012.03.27"]
[Round "6"]
[White "pkktet"]
[Black "Beetlejuice"]
[Result "0-1"]
[WhiteElo "1821"]
[BlackElo "1823"]
[Opening "Sicilian defense"]
[ECO "B40"]
[Time "13:01:46"]
[TimeControl "2700+45"]

1. e4 c5 2. Nf3 e6 3. c3 Nf6 4. e5 Nd5 5. d4 cxd4 6. cxd4 d6 7. a3 Bd7 8. Bd3
Be7 9. O-O Bc6 10. Nbd2 Nd7 11. Re1 O-O 12. Ne4 dxe5 13. dxe5 Qc7 14. Neg5 h6
15. Nh3 Rfd8 16. Qe2 N5b6 17. Bf4 Nc5 18. Bc2 Nca4 19. b4 Rac8 20. Rac1 Nc3 21.
Qe3 Bd5 22. Qd3 Be4 23. Qe3 Nbd5 24. Qd2 Nxb4 25. Qxd8+ Qxd8 26. axb4 Bxc2 27.
Rxc2 Bxb4 28. Rd2 {White resigns} 0-1

[Event "Team 45 45 League T52"]
[Site "Internet Chess Club"]
[Date "2012.03.23"]
[Round "6"]
[White "TerryMalloy"]
[Black "CaoCao"]
[Result "1/2-1/2"]
[WhiteElo "2029"]
[BlackElo "1889"]
[Opening "Benoni: fianchetto variation"]
[ECO "A63"]
[Time "22:04:27"]
[TimeControl "2700+45"]

1. d4 Nf6 2. c4 c5 3. d5 e6 4. Nc3 exd5 5. cxd5 d6 6. g3 g6 7. Bg2 Bg7 8. Nf3
O-O 9. O-O a6 10. a4 Nbd7 11. Bf4 Qe7 12. Re1 Ne8 13. e4 Ne5 14. Nxe5 Bxe5 15.
Bxe5 dxe5 16. Rc1 Nd6 17. Qd3 Bd7 18. b3 b5 19. axb5 axb5 20. Ra1 c4 21. bxc4
bxc4 22. Qe3 Nb5 23. Nxb5 Bxb5 24. Rxa8 Rxa8 25. Rb1 Ba4 26. Bf1 Bb3 27. Rc1 Qb4
28. Qc3 Qxc3 29. Rxc3 Rc8 30. f4 f6 31. fxe5 fxe5 32. Kf2 Kf8 33. Ke3 Ke7 34.
Be2 Kd6 35. Rc1 c3 36. Bd3 h5 37. Bf1 Rc7 38. Kd3 Bc4+ 39. Kc2 Bxf1 40. Rxf1 Rc4
41. Rf6+ Kd7 42. Rxg6 Rxe4 43. Kxc3 h4 44. g4 Re2 45. h3 Re3+ 46. Kc4 Rxh3 47.
Rh6 Rh1 48. g5 Rc1+ 49. Kd3 Rg1 50. Rxh4 Rxg5 51. Kc4 Rg1 52. Rh7+ Kd6 53. Rh6+
Kd7 54. Re6 Rc1+ 55. Kd3 Rd1+ 56. Ke4 Re1+ 57. Kf5 Rf1+ 58. Kxe5 Re1+ 59. Kf5
Rxe6 60. dxe6+ Ke7 61. Ke5 Ke8 62. Kd6 Kd8 63. e7+ Ke8 64. Ke6 {Black
stalemated} 1/2-1/2

[Event "Team 45 45 League T52"]
[Site "Internet Chess Club"]
[Date "2012.03.23"]
[Round "6"]
[White "loudoun"]
[Black "Buford-Julep"]
[Result "1-0"]
[WhiteElo "1771"]
[BlackElo "1671"]
[Opening "French: King's Indian attack"]
[ECO "C00"]
[Time "21:45:06"]
[TimeControl "2700+45"]

1. e4 e6 2. d3 d5 3. Nd2 Nf6 4. Ngf3 Bc5 5. e5 Nfd7 6. d4 Bb6 7. Bd3 c5 8. c3
Nc6 9. dxc5 Nxc5 10. Bc2 Bc7 11. Qe2 Nd7 12. O-O Ndxe5 13. Nxe5 Nxe5 14. Nb3 Qh4
15. f4 Bb6+ 16. Nd4 Nc6 17. Be3 O-O 18. Nb3 Bxe3+ 19. Qxe3 b6 20. Rf3 g6 21. Bd3
Qf6 22. Re1 Bb7 23. Rh3 Rfe8 24. Bb5 Red8 25. Bxc6 Bxc6 26. Nd4 Bb7 27. f5 gxf5
28. Qg3+ Kh8 29. Qc7 Bc8 30. Nc6 Rd7 31. Qf4 Bb7 32. Ne5 Rdd8 33. Rh6 Qg7 34.
Re3 Rg8 35. Rg3 Qf8 36. Qh4 Rg7 37. Kh1 Qg8 38. Qf6 d4 39. cxd4 Rc8 40. h3 Rc2
41. Rxg7 Qxg7 42. Qd8+ Qg8 43. Qf6+ Qg7 44. Qd8+ Qg8 45. Nxf7+ Kg7 46. Qf6+ Kf8
47. Ng5+ Ke8 48. Rxh7 Qxh7 49. Nxh7 Rxg2 50. Qf8+ Kd7 51. Nf6+ Kc6 52. Kxg2
{Black resigns} 1-0

[Event "Team 45 45 League T52"]
[Site "Internet Chess Club"]
[Date "2012.03.24"]
[Round "6"]
[White "bondguy01"]
[Black "hewdondada"]
[Result "0-1"]
[WhiteElo "1653"]
[BlackElo "1738"]
[Opening "Scandinavian (center counter) defense"]
[ECO "B01"]
[Time "19:03:28"]
[TimeControl "2700+45"]

1. e4 d5 2. exd5 Qxd5 3. Nf3 Nf6 4. d4 c6 5. Be2 Bg4 6. O-O e6 7. c4 Qd8 8. Be3
Bd6 9. Nc3 Nbd7 10. Qd2 O-O 11. Rfd1 Qe7 12. Rac1 Bb4 13. a3 Ne4 14. Qc2 Nxc3
15. bxc3 Bxa3 16. Rb1 Bf5 17. Bd3 Bxd3 18. Qxd3 b6 19. Qe4 Rfc8 20. Qg4 Nf6 21.
Qh4 Qf8 22. Ne5 Be7 23. Qh3 Ne4 24. Rb3 b5 25. f3 bxc4 26. Nxc4 Nf6 27. Ne5 c5
28. Rb7 Nd5 29. Bd2 Rc7 30. Rdb1 Qc8 31. R7b2 cxd4 32. cxd4 Rc2 33. Bg5 Bxg5 34.
Qh5 Be3+ 35. Kf1 Rxb2 36. Qxf7+ Kh8 {White resigns} 0-1

[Event "Team 45 45 League T52"]
[Site "Internet Chess Club"]
[Date "2012.03.26"]
[Round "6"]
[White "RamRock"]
[Black "losscause"]
[Result "1/2-1/2"]
[WhiteElo "1763"]
[BlackElo "1636"]
[Opening "French: exchange variation"]
[ECO "C01"]
[Time "21:00:17"]
[TimeControl "2700+45"]

1. e4 e6 2. d4 d5 3. exd5 exd5 4. Bd3 Bd6 5. Nf3 Ne7 6. O-O O-O 7. Bxh7+ Kxh7 8.
Ng5+ Kg8 9. Qh5 Bf5 10. f4 Bg6 11. Qh4 Nf5 12. Qh3 Qc8 13. g4 f6 14. Nf3 Nh6 15.
f5 Nxf5 16. gxf5 Qxf5 17. Qxf5 Bxf5 18. c3 Nc6 19. Nh4 Bd3 20. Rf3 Be4 21. Rf2
Rae8 22. Nd2 Bh7 23. Ndf3 g5 24. Ng2 Ne7 25. Bd2 Nf5 26. Raf1 Kg7 27. h4 g4
{Game drawn by mutual agreement} 1/2-1/2

[Event "Team 45 45 League T52"]
[Site "Internet Chess Club"]
[Date "2012.03.24"]
[Round "6"]
[White "Whalen"]
[Black "ice-cream"]
[Result "1-0"]
[WhiteElo "1644"]
[BlackElo "1734"]
[Opening "English: Nimzo-English opening"]
[ECO "A17"]
[Time "12:02:59"]
[TimeControl "2700+45"]

1. c4 e6 2. Nc3 Nf6 3. Nf3 Bb4 4. a3 Bxc3 5. bxc3 c5 6. d4 O-O 7. Qc2 Nc6 8. e3
b6 9. Be2 Ba6 10. O-O Na5 11. Qa4 Rc8 12. Nd2 Qc7 13. Bb2 cxd4 14. cxd4 Bxc4 15.
Nxc4 Nxc4 16. Bxc4 Qxc4 17. Qxa7 Ra8 18. Qb7 d5 19. Rfc1 Qb5 20. Bc3 Ne4 21. Bb4
Rfb8 22. Qc7 Qe2 23. Rf1 Rc8 24. Qxb6 Rc2 25. Rae1 Qg4 26. Rc1 Rxc1 27. Rxc1 Qe2
28. Rf1 h6 29. Qb7 Re8 30. a4 Qc2 31. a5 Qa4 32. a6 Nf6 33. a7 Nd7 34. h3 Kh7
35. Rc1 Kg6 36. Rc7 Nf6 37. Rxf7 Rg8 38. Re7 Kf5 39. g4+ Kg6 40. Rxe6 Kg5 41.
Bc5 Qd1+ 42. Kg2 Qa4 43. Qc7 Qc2 44. Qe5+ {Black resigns} 1-0

[Event "Team 45 45 League T52"]
[Site "Internet Chess Club"]
[Date "2012.03.27"]
[Round "6"]
[White "Salvatore"]
[Black "eagle"]
[Result "1-0"]
[WhiteElo "1548"]
[BlackElo "1487"]
[Opening "Queen's pawn"]
[ECO "A40"]
[Time "20:12:11"]
[TimeControl "2700+45"]

1. d4 e6 2. Nc3 d5 3. Nf3 Nf6 4. Bg5 c5 5. e4 Be7 6. e5 Nfd7 7. Bxe7 Qxe7 8. Bb5
Nc6 9. dxc5 Qxc5 10. O-O O-O 11. Bd3 Ndxe5 12. Bxh7+ Kxh7 13. Ng5+ Kg6 14. Nh3
Kf6 15. Qh5 Ke7 16. Qg5+ Ke8 17. Rad1 Ng6 18. Rfe1 Nce7 19. Nxd5 exd5 20. Rxd5
Qb4 21. c3 Qb6 22. Rd4 Bxh3 23. gxh3 Qxb2 24. Rb4 Qxc3 25. Qb5+ Qc6 26. Qe2 b6
27. h4 Qe6 28. Re4 Nf4 29. Qb5+ Kd8 30. Rxe6 Nxe6 31. Rd1+ Kc8 32. Qd7+ Kb8 33.
Qxe7 Rc8 34. Rd7 Nc7 35. Qxf7 g5 36. hxg5 b5 37. g6 a6 38. g7 Ra7 39. g8=Q Rxg8+
40. Qxg8+ Kb7 41. Qg2+ Kc8 42. Rh7 a5 43. Rh8+ Kd7 44. Qg7+ Kc6 45. Rh6+ Kb7 46.
Rh7 Kb8 47. Qf8+ Kb7 48. Qe7 Kc6 49. Qd7+ Kc5 50. Rh5+ Kc4 51. Qg4+ Kd3 52. Rh3+
Kd2 53. Qd4+ Ke2 54. Re3# {Black checkmated} 1-0

[Event "Team 45 45 League T52"]
[Site "Internet Chess Club"]
[Date "2012.03.23"]
[Round "6"]
[White "seattleblues"]
[Black "Lee-D"]
[Result "0-1"]
[WhiteElo "1339"]
[BlackElo "1441"]
[Opening "Scandinavian defense"]
[ECO "B01"]
[Time "21:52:25"]
[TimeControl "2700+45"]

1. e4 d5 2. exd5 Qxd5 3. Nc3 Qa5 4. d4 Nf6 5. Nf3 Bf5 6. Be2 c6 7. O-O e6 8. Bf4
Qd8 9. Re1 Bd6 10. Ne5 O-O 11. Bc4 Qc7 12. Bg5 Nd5 13. Bxd5 cxd5 14. Nb5 Qb6 15.
Nxd6 Qxd6 16. Nf3 Nd7 17. Nh4 Be4 18. f3 Bg6 19. Nxg6 hxg6 20. a3 Rac8 21. Kh1
Rc6 22. Qd2 f6 23. Bf4 e5 24. dxe5 fxe5 25. Bg5 Nf6 26. Qd3 e4 27. fxe4 Nxe4 28.
Bh4 g5 29. Bg3 Nxg3+ 30. hxg3 Qc5 31. b4 Rh6# {White checkmated} 0-1

[Event "Team 45 45 League T52"]
[Site "Internet Chess Club"]
[Date "2012.03.23"]
[Round "6"]
[White "milesotoole"]
[Black "Check101"]
[Result "1-0"]
[WhiteElo "1548"]
[BlackElo "1422"]
[Opening "Van't Kruijs opening"]
[ECO "A00"]
[Time "21:36:11"]
[TimeControl "2700+45"]

1. e3 Nf6 2. f4 d5 3. b3 c5 4. Bb2 e6 5. Nc3 Nc6 6. Nf3 Bd6 7. Bd3 O-O 8. Qe2 d4
9. Ne4 e5 10. Nxd6 Qxd6 11. fxe5 Nxe5 12. O-O Bg4 13. exd4 Nxf3+ 14. gxf3 Bh3
15. Rfe1 Rfe8 16. Qf2 cxd4 17. Bxd4 Qf4 18. Bxf6 Qxf6 19. Qg3 Be6 20. h4 Bd5 21.
Rf1 Re5 22. Rf2 Rh5 23. Re1 Rxh4 24. Qe5 Qxe5 25. Rxe5 Bc6 26. Rfe2 g6 27. Kg2
Rf4 28. Be4 f6 29. Re7 Bxe4 30. R2xe4 Rxe4 31. fxe4 b5 32. d4 h5 33. c4 bxc4 34.
bxc4 Kf8 35. Rc7 Re8 36. Kf3 Re7 37. Rc8+ Re8 38. Rc7 Re7 39. Rc8+ Re8 40. Rc6
Kf7 41. Rc7+ Re7 42. Rc5 g5 43. Rf5 g4+ 44. Kf4 h4 45. Rh5 h3 46. c5 Kg6 47. Rh4
a6 48. Rxg4+ Kh5 49. Rg1 Kh4 50. Rg8 Rh7 51. Kf3 {Black resigns} 1-0

[Event "Team 45 45 League T52"]
[Site "Internet Chess Club"]
[Date "2012.03.26"]
[Round "6"]
[White "doublepar"]
[Black "chesschessboy"]
[Result "1-0"]
[WhiteElo "1609"]
[BlackElo "1387"]
[Opening "Evans gambit"]
[ECO "C52"]
[Time "21:24:45"]
[TimeControl "2700+45"]

1. e4 e5 2. Nf3 Nc6 3. Bc4 Bc5 4. b4 Bxb4 5. c3 Ba5 6. d4 exd4 7. Qb3 Qe7 8. O-O
dxc3 9. Nxc3 Nf6 10. Ba3 d6 11. e5 Nd7 12. exd6 cxd6 13. Rfe1 Nde5 14. Nxe5 Nxe5
15. Nd5 Qd8 16. Bb5+ Bd7 17. Bxd6 Bxe1 18. Rxe1 f6 19. Nc7+ Qxc7 20. Bxc7 Rc8
21. Qe6+ Kf8 22. Bd6# {Black checkmated} 1-0

[Event "Team 45 45 League T52"]
[Site "Internet Chess Club"]
[Date "2012.03.25"]
[Round "6"]
[White "cazj"]
[Black "oldprez"]
[Result "0-1"]
[WhiteElo "1339"]
[BlackElo "1484"]
[Opening "King's Indian: Zinnowitz variation"]
[ECO "E90"]
[Time "20:06:03"]
[TimeControl "2700+45"]

1. d4 Nf6 2. c4 g6 3. Nf3 Bg7 4. Nc3 O-O 5. e4 d6 6. Bg5 Nbd7 7. Qd2 c5 8. d5
Re8 9. g3 Ng4 10. Bh3 Nge5 11. Qe2 Nxf3+ 12. Qxf3 Ne5 13. Qg2 Bxh3 14. Qxh3 Nf3+
15. Ke2 Nxg5 16. Qg4 h6 17. h4 Nh7 18. Rhe1 Nf6 19. Qf4 Qd7 20. Rab1 Qg4+ 21.
Kd2 Qxf4+ 22. gxf4 Ng4 23. f3 Bxc3+ 24. Kxc3 Nf6 25. Rg1 Kh7 26. Rg2 Nh5 27. Rg4
f5 28. exf5 gxf5 29. Rg3 Nxg3 {White resigns} 0-1

[Event "Team 45 45 League T52"]
[Site "Internet Chess Club"]
[Date "2012.03.23"]
[Round "6"]
[White "radiohead"]
[Black "joshq03"]
[Result "1-0"]
[WhiteElo "1418"]
[BlackElo "1396"]
[Opening "Sicilian: Labourdonnais-Löwenthal (Kalashnikov) variation"]
[ECO "B32"]
[Time "21:01:05"]
[TimeControl "2700+45"]

1. e4 c5 2. Nf3 Nc6 3. d4 cxd4 4. Nxd4 e5 5. Nb5 d6 6. Be3 Be6 7. N1c3 a6 8. Na3
Nge7 9. Bc4 Qd7 10. Qd2 b5 11. Bxe6 Qxe6 12. Nd5 Rc8 13. Nb1 f5 14. f3 fxe4 15.
fxe4 Ng6 16. O-O Be7 17. a3 Rf8 18. Nbc3 Rf7 19. Rad1 Bd8 20. b4 Kf8 21. Rxf7+
Kxf7 22. Rf1+ Kg8 23. Ne2 Qg4 24. Ng3 Bh4 25. Nf5 Rd8 26. Nxh4 Nxh4 27. Qf2 Qxe4
28. Qf7+ {Black resigns} 1-0

[Event "Team 45 45 League T52"]
[Site "Internet Chess Club"]
[Date "2012.03.26"]
[Round "6"]
[White "IceBox"]
[Black "Kingofknights"]
[Result "1-0"]
[WhiteElo "1853"]
[BlackElo "1607"]
[Opening "QGD Slav defense: exchange variation"]
[ECO "D13"]
[Time "17:00:09"]
[TimeControl "2700+45"]

1. d4 d5 2. c4 c6 3. cxd5 cxd5 4. Nc3 Nc6 5. Nf3 Nf6 6. Bf4 a6 7. Ne5 e6 8. e3
Be7 9. Bd3 Nxe5 10. Bxe5 Bd6 11. O-O g6 12. Bxd6 Qxd6 13. Qf3 Bd7 14. Qxf6
{Black resigns} 1-0

[Event "Team 45 45 League T52"]
[Site "Internet Chess Club"]
[Date "2012.03.25"]
[Round "6"]
[White "isolani"]
[Black "medsurg"]
[Result "0-1"]
[WhiteElo "1564"]
[BlackElo "1413"]
[Opening "Queen's pawn game"]
[ECO "D04"]
[Time "17:00:35"]
[TimeControl "2700+45"]

1. Nf3 d5 2. d4 Nf6 3. e3 c6 4. Nbd2 Nbd7 5. Bd3 e6 6. O-O Bd6 7. e4 dxe4 8.
Nxe4 Nxe4 9. Bxe4 h6 10. Be3 Nf6 11. Bd3 Qc7 12. h3 b5 13. c4 Bd7 14. b3 O-O 15.
Rc1 Qb8 16. Re1 a6 17. Ne5 Be8 18. Qf3 Bxe5 19. dxe5 Qxe5 20. Bf4 Qh5 21. Qxh5
Nxh5 22. Bd6 Rd8 23. Bxf8 Rxd3 24. Bb4 Nf4 25. Re3 Rxe3 26. fxe3 Ne2+ 27. Kf2
Nxc1 28. Ba3 Nxa2 29. Ke1 b4 30. Bb2 c5 31. Kd2 Bc6 32. g3 f6 33. Kd3 Kf7 34. e4
g6 35. e5 f5 {White resigns} 0-1

[Event "Team 45 45 League T52"]
[Site "Internet Chess Club"]
[Date "2012.03.24"]
[Round "6"]
[White "Imbued"]
[Black "PANAMA-REY"]
[Result "1-0"]
[WhiteElo "1533"]
[BlackElo "1418"]
[Opening "Philidor: exchange variation"]
[ECO "C41"]
[Time "20:00:27"]
[TimeControl "2700+45"]

1. e4 e5 2. Nf3 d6 3. d4 exd4 4. Qxd4 Nf6 5. Bg5 Be7 6. Nc3 c6 7. O-O-O Nbd7 8.
Bf4 O-O 9. Bxd6 Bxd6 10. Qxd6 Ng4 11. Qd2 Qa5 12. h3 Ngf6 13. a3 Nc5 14. Bd3 Be6
15. e5 Nfd7 16. Nb1 Qb6 17. Qe3 Rad8 18. b4 Nxd3+ 19. Rxd3 Qc7 20. Rhd1 Rfe8 21.
Qxa7 Ra8 22. Qe3 Bf5 23. Rd6 Nxe5 24. Nxe5 Qe7 25. g4 Be6 26. f4 Bd5 27. Rd7 Qe6
28. Nc3 f6 29. Nxd5 fxe5 30. Nc7 Qa2 31. Qb3+ Qxb3 32. cxb3 exf4 33. Nxa8 Rxa8
34. Rd8+ Rxd8 35. Rxd8+ {Black resigns} 1-0

[Event "Team 45 45 League T52"]
[Site "Internet Chess Club"]
[Date "2012.03.27"]
[Round "6"]
[White "Portola"]
[Black "cys456"]
[Result "0-1"]
[WhiteElo "1732"]
[BlackElo "1702"]
[Opening "Queen's pawn game"]
[ECO "A46"]
[Time "18:01:41"]
[TimeControl "2700+45"]

1. d4 Nf6 2. Nf3 e6 3. Bf4 Be7 4. e3 b6 5. Bd3 Bb7 6. c3 O-O 7. Nbd2 d5 8. Qe2
Ne4 9. Bg3 f5 10. Ne5 Nd7 11. Ndf3 Nxe5 12. Bxe5 Bd6 13. Ba6 Bxa6 14. Qxa6 Bxe5
15. dxe5 f4 16. O-O fxe3 17. fxe3 Ng5 18. Nd4 Qd7 19. Qe2 c5 20. Nf3 Nxf3+ 21.
gxf3 Qf7 22. f4 Qf5 23. Rf2 Kh8 24. Raf1 Rg8 25. Rg2 h6 26. Rg3 Raf8 27. Qg2 g5
28. fxg5 Qxf1+ 29. Qxf1 Rxf1+ 30. Kxf1 Rxg5 31. Rxg5 hxg5 32. Kg2 Kg7 33. Kf3
Kg6 34. Kg4 c4 35. b3 cxb3 36. axb3 a5 37. Kf3 Kf5 38. e4+ dxe4+ 39. Ke3 Kxe5
40. h3 Kf5 41. c4 Ke5 42. Ke2 Kd4 43. Kd2 e3+ 44. Ke2 e5 {White resigns} 0-1

[Event "Team 45 45 League T52"]
[Site "Internet Chess Club"]
[Date "2012.03.27"]
[Round "6"]
[White "Mymas"]
[Black "rubo"]
[Result "1-0"]
[WhiteElo "1630"]
[BlackElo "1691"]
[Opening "Caro-Kann: Panov-Botvinnik attack"]
[ECO "B13"]
[Time "19:34:27"]
[TimeControl "2700+45"]

1. e4 c6 2. d4 d5 3. exd5 cxd5 4. c4 Nf6 5. Nc3 Nc6 6. Nf3 Bg4 7. Be3 e6 8. c5
Be7 9. Qb3 Bxf3 10. Qxb7 O-O 11. Qxc6 Bh5 12. Bf4 Qa5 13. Qb7 Rfe8 14. Bc7 Rab8
15. Bxb8 Bxc5 16. dxc5 d4 17. b4 Qa3 18. Nd1 Bxd1 19. Rxd1 Qc3+ 20. Rd2 Nd5 21.
Kd1 Nxb4 22. Be5 Qa1+ 23. Ke2 d3+ 24. Kf3 Qxe5 25. Qxb4 Rb8 26. Rxd3 g5 27. Qd4
Qf5+ 28. Ke3 e5 29. Qe4 Qe6 30. Rd6 Qxa2 31. Bd3 a5 32. Qxh7+ Kf8 33. Qh8+
{Black resigns} 1-0

[Event "Team 45 45 League T52"]
[Site "Internet Chess Club"]
[Date "2012.03.25"]
[Round "6"]
[White "GrandUnified"]
[Black "trifire"]
[Result "1-0"]
[WhiteElo "1647"]
[BlackElo "1464"]
[Opening "English: Bremen system, Keres variation"]
[ECO "A23"]
[Time "19:30:23"]
[TimeControl "2700+45"]

1. c4 e5 2. Nc3 Nf6 3. g3 c6 4. Bg2 d5 5. e3 Be6 6. Qb3 Qd7 7. cxd5 cxd5 8. d4
e4 9. Nge2 Nc6 10. Bd2 Be7 11. Rc1 Nb4 12. Nf4 g5 13. a3 gxf4 14. axb4 fxg3 15.
hxg3 Rg8 16. Ne2 h5 17. Nf4 Bg4 18. b5 Qf5 19. b6 a5 20. Rc7 Rb8 21. Qb5+ Nd7
22. Qxa5 Bd6 23. Qa7 Bxc7 24. bxc7 Rc8 25. Qxb7 Nf6 26. Qc6+ Qd7 27. Qxf6 Rxc7
28. Nxh5 Qb5 29. Nf4 Qxb2 30. O-O Qxd2 31. Nxd5 Rd7 32. Qe5+ Kf8 33. Nf6 Rd8 34.
Nxg8 Kxg8 35. Qg5+ Kf8 36. Qxd8+ Kg7 37. Qg5+ Kf8 38. Qxg4 Qd3 39. Bxe4 Qc4 40.
Rb1 Qc7 41. Qh4 Qd7 {Black resigns} 1-0